 Dungeon Crawl Stone Soup version 0.18-a0-183-gad09a0e (webtiles) character file.

42 Raultor the Sneak (level 3, -1/18 HPs)
             Began as a Vine Stalker Assassin on Nov 23, 2015.
             Shot with a stone by a goblin (6 damage)
             ... on level 2 of the Dungeon.
             The game lasted 00:02:08 (662 turns).

Raultor the Sneak (Vine Stalker Assassin)            Turns: 662, Time: 00:02:08

Health: -1/18      AC:  3    Str: 13    XL:     3   Next: 54%
Magic:  0/4        EV: 12    Int: 11    God:
Gold:   80         SH:  0    Dex: 16    Spells: 0 memorised, 2 levels left

rFire  . . .     SeeInvis .     a - +2 dagger
rCold  . . .     Clarity  .     c - +0 robe
rNeg   . . .     SustAt   .     (no shield)
rPois  .         Gourm    .     (no helmet)
rElec  .         Spirit   +     d - +0 cloak
rCorr  .         Warding  .     (no gloves)
rMut   .         Stasis   .     (no boots)
MR     .....                    (no amulet)
Stlth  +++.......               (no ring)
                                (no ring)

@: not resistant to hostile enchantments, fairly stealthy
A: fangs 2, regeneration 1, magic shield, antimagic bite, no device heal 3, rot
immunity
a: no special abilities


You were on level 2 of the Dungeon.
You were not hungry.

You visited 1 branch of the dungeon, and saw 2 of its levels.

You collected 80 gold pieces.

Inventory:

Hand Weapons
 a - a +2 dagger (weapon)
 b - a +0 blowgun
Missiles
 e - 8 poisoned needles
 f - 2 curare-tipped needles
Armour
 c - a +0 robe (worn)
 d - a +0 cloak (worn)
Scrolls
 j - a scroll of enchant weapon {unknown}
 l - 3 scrolls of identify {unknown}
 n - a scroll of amnesia {unknown}
 o - a scroll of fog {unknown}
 p - a scroll of remove curse {unknown}
Potions
 h - a potion of brilliance {unknown}
 m - a potion of curing {unknown}
Comestibles
 g - a bread ration
 i - a chunk of flesh
 k - a slice of pizza


   Skills:
 + Level 1.8 Fighting
 + Level 1.8 Short Blades
 + Level 1.7 Throwing
 + Level 1.2 Dodging
 * Level 6.1 Stealth


You had 2 spell levels left.
You didn't know any spells.

Dungeon Overview and Level Annotations

Branches:
Dungeon (2/15)

Altars:
Cheibriados


Innate Abilities, Weirdness & Mutations

You have extremely sharp teeth.
Your natural rate of healing is unusually fast.
When hurt, damage is shared between your health and your magic reserves.
Your bite disrupts and absorbs the magic of your enemies.
Potions and wands cannot restore your health.
You are immune to rotting.


Message History

Found a snail-covered altar of Cheibriados.
A kobold is nearby!
A goblin comes into view.
The kobold shouts!
The goblin shouts!
The goblin wields a hunting sling.
The goblin shoots a stone.
The stone closely misses you.
The kobold throws a stone.
The stone hits you.
A kobold comes into view. It is wielding a club.
The kobold throws a stone.
The stone closely misses you.
The goblin shoots a stone.
The stone hits you. The kobold closely misses you.
Found a stone staircase leading up.
Things that are here:
a stone; a mace You barely miss the kobold.
The kobold hits you.
You closely miss the kobold.
The goblin shoots a stone.
The stone hits you. The kobold hits you.
* * * LOW HITPOINT WARNING * * *
You are too injured to fight recklessly!
The kobold throws a stone.
The stone hits you but does no damage.
The goblin shoots a stone.
The stone hits you!
You die...

#.....< #.....
##....## #......
#.g...###
#.......# #
#.K...#.##.# .#
#.(.......# .#
#..@...### .######
#.(..#######......
##......#.......#
#.#.(!.#.......#
#.#.##.........#
#.#.#..#...#####
#.#.#.##.#...###
#K#.._...###...###
###.#..# ###...##


You could see a goblin and 2 kobolds.

Vanquished Creatures
  An adder (D:2)
  A worm (D:2)
  A giant gecko (D:2)
  A ball python (D:1)
  2 giant cockroaches (D:1)
  3 hobgoblins (D:1)
  3 bats (D:1)
  4 giant newts (D:1)
  3 goblins (D:1)
  4 jackals (D:1)
  3 kobolds (D:1)
  4 rats
30 creatures vanquished.

Notes
Turn   | Place    | Note
--------------------------------------------------------------
     0 | D:1      | Raultor the Vine Stalker Assassin began the quest for the Orb.
     0 | D:1      | Reached XP level 1. HP: 11/11 MP: 2/2
    23 | D:1      | Reached skill level 5 in Stealth
    42 | D:1      | Reached XP level 2. HP: 5/15 MP: 1/3
   338 | D:1      | Reached skill level 1 in Dodging
   401 | D:1      | Reached XP level 3. HP: 18/18 MP: 4/4
   619 | D:2      | Reached skill level 6 in Stealth
   653 | D:2      | Found a snail-covered altar of Cheibriados.
   662 | D:2      | Shot with a stone by a goblin

Vault maps used:
D:1:      tarquinn_simple_flora_water_d, grunt_decor_fettered
D:2:      lemuel_crystal_altar, yredelemnul_forgotten_temple_becter,
          minmay_three_crescents

Action                   || total
-------------------------++-------
Melee: Dagger            ||    81
 Stab: Sleeping          ||    11
